 Seeded DCSS version 0.31-a0-626-g8143ab4f1d (webtiles) character file.

Game seed: 14273489668234515666 (custom seed)

3876 Mickster the Severer (level 10, -1/86 HPs)
             Began as a Hill Orc Berserker on Aug 24, 2023.
             Was an Elder of Trog.
             Slain by a yak (7 damage)
             ... on level 8 of the Dungeon.
             The game lasted 00:42:14 (5267 turns).

Mickster the Severer (Hill Orc Berserker)           Turns: 5267, Time: 00:42:20

Health: -1/86      AC: 16    Str: 25    XL:     10   Next: 19%
Magic:  10/10      EV: 13    Int:  5    God:    Trog [****..]
Gold:   498        SH:  0    Dex: 10    Spells: 9/9 levels left

rFire   . . .        a - +1 hand axe (spect)
rCold   + + .        (no shield)
rNeg    . . .        r - +0 plate armour
rPois   .            l - +0 helmet
rElec   .            g - +1 cloak
rCorr   .            (no gloves)
SInv    .            (no boots)
Will    .....        (no amulet) Stlth
                     k - ring of protection from cold
HPRegen 0.34/turn    t - +5 ring of evasion
MPRegen 0.12/turn

%: no passive effects
@: on berserk cooldown, slowed, very slow
A: cold resistance 1, dopey 1, inability to drink after injury 1
a: Renounce Religion, Berserk, Trog's Hand, Brothers in Arms


You were on level 8 of the Dungeon.
You worshipped Trog.
Trog was greatly pleased with you.
You visited 1 branch of the dungeon, and saw 7 of its levels.
You also visited: Sewer.

You collected 498 gold pieces.

Inventory:

Hand Weapons
 a - a +1 spectral hand axe (weapon)
 n - a +1 dagger of venom
 p - a +1 mace of venom
 q - a +0 trident of distortion
 u - a +0 war axe
 w - a +4 quarterstaff of chaos
 x - a +2 heavy hand axe
 y - a +2 flail of venom
Missiles
 b - 30 stones
 c - 4 darts of dispersal
 e - 10 poisoned darts (quivered)
Armour
 g - a +1 cloak (worn)
 l - a +0 helmet (worn)
 r - a +0 plate armour (worn)
Jewellery
 h - a ring of ice
 k - a ring of protection from cold (left hand)
 t - a +5 ring of evasion (right hand)
Talismans
 o - a beast talisman
Wands
 z - a wand of roots (11)
 D - a wand of light (11)
Scrolls
 d - 3 scrolls of teleportation
 f - a scroll of identify
 s - a scroll of amnesia
 A - a scroll of immolation
 C - a scroll of noise {unknown}
Potions
 i - 2 potions of haste
 j - a potion of curing
 m - 3 potions of ambrosia
 v - a potion of lignification
 B - a potion of mutation


   Skills:
 + Level 7.1 Fighting
 * Level 15.3 Axes
 + Level 6.6 Armour
 + Level 2.4 Dodging
 + Level 1.7 Stealth


You had 9 spell levels left.
You didn't know any spells.
Your spell library was empty.

Dungeon Overview and Level Annotations

Branches:
Dungeon (8/15)             Temple (0/1) D:4           Sewer (visited)
   Lair: D:8-11

Altars:
Okawaru
Qazlal
Uskayaw
Xom


Innate Abilities, Weirdness & Mutations

Your flesh is cold resistant. (rC+)
You are dopey. (Int -2)
You occasionally lose the ability to drink potions when taking damage.


Message History

The yak is moderately wounded.
You hit the kobold brigand. You hit the yak but do no damage.
Your +1 spectral hand axe hits the yak.
Your +1 spectral hand axe hits the kobold brigand!
Your +1 spectral hand axe barely misses the yak.
Your +1 spectral hand axe hits the yak!
Your +1 spectral hand axe hits the yak. x2
Your +1 spectral hand axe hits the yak!
Your +1 spectral hand axe barely misses the kobold brigand.
Your +1 spectral hand axe hits the yak.
Your +1 spectral hand axe hits the yak!
Your +1 spectral hand axe misses the kobold brigand.
Your +1 spectral hand axe completely misses the yak.
Your +1 spectral hand axe hits the yak.
Your +1 spectral hand axe hits the yak but does no damage.
Your +1 spectral hand axe hits the yak.
The yak gores your +1 spectral hand axe!
Your spectral weapon shares its damage with you!
* * * LOW HITPOINT WARNING * * *
The yak barely misses you.
The yak closely misses your +1 spectral hand axe.
The yak gores your +1 spectral hand axe.
Your spectral weapon shares its damage with you!
* * * LOW HITPOINT WARNING * * *
The kobold brigand misses you.
You feel better.
Your +1 spectral hand axe disappears.
The kobold brigand hits you with a +1 short sword of speed.
* * * LOW HITPOINT WARNING * * *
The water moccasin closely misses you. The yak gores you.
* * * LOW HITPOINT WARNING * * *
The yak gores you.
* * * LOW HITPOINT WARNING * * *
The kobold brigand closely misses you.
The water moccasin bites you but does no damage.
You fail to use your ability.
The kobold brigand misses you. The yak gores you.
* * * LOW HITPOINT WARNING * * *
The water moccasin bites you but does no damage.
The kobold brigand misses you.
The yak snorts and paws the ground.
The yak misses you. The yak gores you!
You die...

.....##.. #.# .....
......... #.. ....
........ ....#.. ...
.....### .... .. ..
......# ..... #.##.
......# ...#.##..K#
#.....##........YK#
#........# #.KKSY##
.>......#####..Y@Y.#
#.........#.####...#
##...........##†...#
#............#.....#
..........#........#
.......#.####.###......
.......#.# #.# ##...##
.....##... ### ....#
#.#####...# .....#


You could see 4 yaks, a water moccasin, a kobold brigand and 3 kobolds.

Vanquished Creatures
  Maggie (D:8)
  8 yaks (D:8)
  A steam dragon (D:8)
  A water moccasin (D:7)
  2 orc warriors (D:7)
  An ice beast (D:7)
  Pargi (Sewer)
  2 black bears
  2 ogres
  2 centaurs (D:7)
  A bullfrog (D:8)
  3 scorpions (D:5)
  A howler monkey (D:8)
  6 hounds
  A gnoll bouda (D:7)
  5 orc priests
  Crazy Yiuf (D:3)
  A jelly (D:4)
  Ijyb (D:5)
  5 iguanas
  5 orc wizards
  Robin (D:3)
  15 gnolls
  6 adders
  2 shadow imps
  A worm (D:5)
  3 dart slugs
  24 orcs
  3 bats
  6 endoplasms
  2 giant cockroaches (D:1)
  13 goblins
  5 hobgoblins
  8 jackals
  4 kobolds
  8 quokkas
  6 ball pythons
  5 frilled lizards
  4 rats
167 creatures vanquished.

Vanquished Creatures (others)
  A spectral weapon (D:8)
1 creature vanquished.

Grand Total: 168 creatures vanquished

Notes
Turn   | Place    | Note
-------+----------+-------------------------------------------
     0 | D:1      | Mickster the Hill Orc Berserker began the quest for the
                  | Orb.
     0 | D:1      | Reached XP level 1. HP: 19/19 MP: 1/1
   134 | D:1      | Reached XP level 2. HP: 24/26 MP: 2/2
   573 | D:2      | Reached XP level 3. HP: 33/33 MP: 3/3
  1315 | D:3      | Noticed Robin
  1327 | D:3      | Reached ** piety under Trog
  1328 | D:3      | Reached skill level 5 in Axes
  1329 | D:3      | Killed Robin
  1330 | D:3      | Reached XP level 4. HP: 27/40 MP: 4/4
  1459 | D:3      | Reached skill level 6 in Axes
  1459 | D:3      | Reached XP level 5. HP: 47/47 MP: 5/5
  1660 | D:3      | Found an iron altar of Okawaru.
  2002 | D:3      | Reached skill level 7 in Axes
  2293 | D:3      | Found a runed translucent door.
  2294 | D:3      | Noticed Crazy Yiuf
  2302 | D:3      | Killed Crazy Yiuf
  2461 | D:4      | Reached XP level 6. HP: 45/53 MP: 6/6
  2631 | D:4      | Reached skill level 8 in Axes
  2903 | D:4      | Found a shimmering altar of Xom.
  2907 | D:4      | Found a stormy altar of Qazlal.
  2914 | D:4      | Found a hide-covered altar of Uskayaw.
  3002 | D:4      | Reached XP level 7. HP: 60/60 MP: 7/7
  3065 | D:4      | Found a staircase to the Ecumenical Temple.
  3076 | D:4      | Reached skill level 9 in Axes
  3376 | D:5      | Entered Level 5 of the Dungeon
  3551 | D:5      | Noticed Ijyb
  3556 | D:5      | Reached skill level 5 in Fighting
  3562 | D:5      | Reached *** piety under Trog
  3563 | D:5      | Reached skill level 10 in Axes
  3566 | D:5      | Killed Ijyb
  3571 | D:5      | Reached XP level 8. HP: 51/68 MP: 8/8
  3874 | D:5      | Found a glowing drain.
  3879 | Sewer    | Entered a sewer
  3909 | Sewer    | Gained mutation: You are dopey. (Int -2) [potion of
                  | mutation]
  3909 | Sewer    | Gained mutation: You occasionally lose the ability to drink
                  | potions when taking damage. [potion of mutation]
  3909 | Sewer    | Gained mutation: Your flesh is cold resistant. (rC+)
                  | [potion of mutation]
  3954 | Sewer    | Noticed Pargi
  3973 | Sewer    | Killed Pargi
  3974 | Sewer    | Reached skill level 11 in Axes
  3974 | Sewer    | Reached skill level 1 in Stealth
  4235 | D:5      | You fall into a shaft and drop 2 floors!
  4417 | D:7      | Reached skill level 5 in Armour
  4501 | D:7      | Reached skill level 12 in Axes
  4517 | D:7      | Reached XP level 9. HP: 75/75 MP: 9/9
  4680 | D:7      | Reached skill level 13 in Axes
  5064 | D:8      | Noticed Maggie
  5077 | D:8      | Killed Maggie
  5100 | D:8      | Reached skill level 14 in Axes
  5249 | D:8      | Reached XP level 10. HP: 84/84 MP: 10/10
  5253 | D:8      | Reached skill level 15 in Axes
  5260 | D:8      | Reached **** piety under Trog
  5267 | D:8      | Slain by a yak

Illustrated notes

Levels and vault maps discovered:
D:1:      dpeg_arrival_tiny_f, layout_basic
D:2:      layout_basic
D:3:      minmay_angry_zag, layout_basic, lemuel_crystal_altar,
          uniq_crazy_yiuf_cottage, uniq_robin
D:4:      layout_rooms, grunt_temple_overflow_diamond,
          minmay_temple_entry_proselytizer, minmay_tree_intersection,
          minmay_gold_behind_fungi, grunt_decor_arrowhead
D:5:      layout_basic, gup_sewer_entry_bowl, uniq_ijyb
D:7:      layout_loops_ring
D:8:      layout_cave_pools, old_standard_altar, uniq_maggie

Skill      XL: |  1  2  3  4  5  6  7  8  9 10 |
---------------+-------------------------------+-----
Fighting       | 4 5 6 7 |  7.1
Dodging        | 2 |  2.4
Axes           | 5 6 7 8 10 12 14 15 | 15.3
Armour         | 3 4 5 6 |  6.6
Stealth        | 1 |  1.7

Action                     |  1- 3 |  4- 6 |  7- 9 | 10-12 || total
---------------------------+-------+-------+-------+-------++-------
  Melee: Hand axe          |    78 |   133 |   268 |    10 ||   489
         Punch             |       |     2 |     8 |       ||    10
  Throw: Dart              |     2 |       |       |       ||     2
 Invoke: Berserk           |     2 |     2 |     5 |       ||     9
         Trog's Hand       |       |     2 |     5 |       ||     7
    Use: Scroll            |     5 |     2 |     3 |       ||    10
         Potion            |       |       |     9 |     1 ||    10
   Stab: Distracted        |       |     1 |     5 |       ||     6
 Armour: Animal skin       |    22 |     5 |       |       ||    27
         Plate armour      |       |    31 |   135 |     8 ||   174
  Dodge: Dodged            |    59 |    63 |   122 |    16 ||   260

Table legend: (Time is in decaauts)
 A = Elapsed time spent in this place.
 B = Non-inter-level travel time spent in this place.
 C = Inter-level travel time spent in this place.
 D = Time resting spent in this place.
 E = Time spent auto-exploring this place.
 F = Levels seen in this place.
 G = Mean time per level.
                   A        B        C        D        E       F      G
               +--------+--------+--------+--------+--------+-----+--------+
         Total |   5260 |   5061 |    199 |    554 |   2452 |   8 |  657.5 |
       Dungeon |   5086 |   4887 |    199 |    554 |   2426 |   7 |  726.6 |
         Sewer |    173 |    173 |      0 |      0 |     26 |   1 |  173.0 |
               +--------+--------+--------+--------+--------+-----+--------+

Top non-repeatable levels by time:
     D:3: 1143 daAuts
     D:4: 995 daAuts
     D:7: 807 daAuts
     D:2: 792 daAuts
     D:5: 676 daAuts
     D:1: 471 daAuts
     D:8: 199 daAuts
   Sewer: 173 daAuts
